AoeStats
← naphtaligrauer16

Glade

510766510Analyzed
1v1 RM · 18h ago on Oct 2, 2026· 34m 23s· 2 players
Game mode
Random Map
Map size
Tiny (2 player)
Population
200
Speed
Normal
Resources
Standard
Victory
Conquest
Starting age
Dark Age
Ending age
Imperial Age
RankedLock teamsTeams togetherTeam positionsShared explorationLock speedFull tech treeHidden civsTurbo modeCheats
Victory
Defeat
🇺🇸 Goths · United States
1440
+18
🇩🇪 Japanese · Germany
1486
-18
Perfunctory
10:00 Feudal Age
10:49 Man-at-Arms
16:33 Scale Mail Armor
19:46 Double-Bit Axe
23:53 Castle Age
22:32 Forging
24:15 Long Swordsman
25:15 Chain Mail Armor
25:55 Squires
26:34 Bow Saw
28:35 Iron Casting
29:10 Loom
31:13 Wheelbarrow
31:25 Horse Collar
naphtaligrauer16
6:29 Loom
10:54 Feudal Age
11:46 Man-at-Arms
12:31 Double-Bit Axe
12:27 Horse Collar
13:44 Scale Mail Armor
22:48 Castle Age
24:36 Chain Mail Armor
24:32 Forging
25:09 Gambesons
25:08 Long Swordsman
27:38 Iron Casting
Connection lost

Rejoining the realm…

Still unreachable

The connection could not be restored.

Session expired

The server has moved on; the page needs a fresh start.